[Event "HUN-ch Rapid 2018"]
[Site "Ajka"]
[Date "2018.07.22"]
[Round "13"]
[White "Varga, Klara"]
[Black "Kiss, Pal"]
[Result "1-0"]
[ECO "A11"]
[WhiteElo "2183"]
[BlackElo "2356"]
[Annotator "NA"]
[PlyCount "76"]
[EventDate "2018.07.20"]
[EventType "swiss"]
[EventCountry "HUN"]
[SourceTitle "playchess.com"]
[Source "ChessBase"]
[SourceQuality "1"]
[TimeControl "1200+5"]

1. c4 c6 2. Nf3 d5 3. e3 Nf6 4. Nc3 Bg4 5. cxd5 Bxf3 6. Qxf3 cxd5 7. Bb5+ Nc6 8. Bxc6+ bxc6 9. d4 e6 10. O-O c5 11. dxc5 Bxc5 12. Rd1 Qb8 13. e4 dxe4 14. Nxe4 Nxe4 15. Qxe4 O-O 16. b3 Qb6 17. Qf4 e5 18. Qg3 Bd4 19. Rb1 Rac8 20. Bb2 Bxb2 21. Rxb2 Rfd8 22. Re1 Qd4 23. Rbe2 f6 24. h4 Rc3 25. Qh2 Rd3 26. h5 Rd2 27. Rxd2 Qxd2 28. Rf1 Qxa2 29. Qh3 Qa6 30. h6 Qd6 31. hxg7 Qd7 32. Qh4 Kxg7 33. Rc1 Rc8 34. Re1 Rc7 35. Re3 Qf5 36. Rf3 Qe6 37. Rg3+ Kh8 38. Qh6 Qf7 1-0

[Event "HUN-ch Rapid 2018"]
[Site "Ajka"]
[Date "2018.07.22"]
[Round "13"]
[White "Gaal, Zsoka"]
[Black "Hoang, Thanh Trang"]
[Result "0-1"]
[ECO "A04"]
[WhiteElo "2044"]
[BlackElo "2351"]
[Annotator "NA"]
[PlyCount "76"]
[EventDate "2018.07.20"]
[EventType "swiss"]
[EventCountry "HUN"]
[SourceTitle "playchess.com"]
[Source "ChessBase"]
[SourceQuality "1"]
[TimeControl "1200+5"]

1. Nf3 f5 2. g3 Nf6 3. Bg2 g6 4. d4 Bg7 5. O-O O-O 6. Nbd2 d6 7. Re1 Nc6 8. e4 fxe4 9. Nxe4 Nxe4 10. Rxe4 Bf5 11. Re1 Qd7 12. c3 Kh8 13. Bg5 Bg4 14. Qd3 Rae8 15. Nd2 e5 16. d5 Nd8 17. Bxd8 Rxd8 18. Qe3 a6 19. Ne4 h6 20. c4 Rf7 21. Rac1 b6 22. Rc2 Rdf8 23. b3 g5 24. Rd2 Bf3 25. Bxf3 Rxf3 26. Qe2 g4 27. Rd3 Qf5 28. Rxf3 gxf3 29. Qf1 h5 30. h4 Bh6 31. Kh2 Rg8 32. Qh3 Rg4 33. Kh1 Qg6 34. Ng5 Bxg5 35. hxg5 Qxg5 36. Re3 e4 37. Qf1 h4 38. Qa1+ Kg8 0-1